 Dungeon Crawl Stone Soup version 0.25.0-11-g1f837a76a1 (webtiles) character file.

Game seed: 17514052941884377787

120 Esekla the Grave Robber (level 5, 0/38 HPs)
             Began as a Barachi Necromancer on June 28, 2020.
             Was an Initiate of Ashenzari.
             Killed from afar by an orc wizard (8 damage)
             ... with a magic dart
             ... on level 3 of the Dungeon.
             The game lasted 00:14:58 (3041 turns).

Esekla the Grave Robber (Barachi Necromancer)       Turns: 3041, Time: 00:14:59

Health: 0/38       AC:  2    Str: 15    XL:     5   Next: 4%
Magic:  0/9        EV: 13    Int: 16    God:    Ashenzari [......]
Gold:   150        SH:  0    Dex: 13    Spells: 6/10 levels left

rFire    . . .     SeeInvis .   a - +0 long sword
rCold    . . .     Gourm    .   (no shield)
rNeg     . . .     Faith    .   r - +0 robe
rPois    .         Spirit   .   (no helmet)
rElec    .         Reflect  .   (no cloak)
rCorr    .         Harm     .   (no gloves)
MR       .....                  (no boots)
Stlth    +.........             (no amulet)
HPRegen  0.12/turn              j - +6 ring of strength
MPRegen  0.11/turn              m - ring of flight

@: confused, slow
A: +LOS, swims, slowness 1, strong legs 1
a: Hop, Curse Item, Renounce Religion, Evoke Flight


You were on level 3 of the Dungeon.
You worshipped Ashenzari.
Ashenzari was noncommittal.
You were not hungry.

You visited 1 branch of the dungeon, and saw 3 of its levels.

You collected 150 gold pieces.

Inventory:

Hand Weapons
 a - a +0 long sword (weapon)
 h - a +0 dagger of holy wrath
 s - a +0 short sword
Missiles
 i - 28 poisoned darts (quivered)
 p - 4 silver javelins
Armour
 r - a +0 robe (worn)
Jewellery
 j - a +6 ring of strength (left hand)
 m - a ring of flight (right hand)
Wands
 w - a wand of disintegration (13)
Scrolls
 b - a scroll of enchant weapon {unknown}
 d - 2 scrolls of teleportation {unknown}
 e - 3 scrolls of identify {unknown}
 k - a scroll of amnesia {unknown}
 l - a scroll of fog {unknown}
 n - a scroll of blinking {unknown}
 o - a scroll of fear {unknown}
 u - 3 scrolls of remove curse
Potions
 f - a potion of lignification {unknown}
 g - 2 potions of brilliance {unknown}
 q - a potion of haste {unknown}
 t - a potion of might {unknown}
 v - a potion of heal wounds {unknown}
Comestibles
 c - 6 rations
 x - a chunk of flesh


   Skills:
 * Level 2.1 Fighting
 + Level 1.4(1.9) Short Blades
 * Level 1.9(2.2) Long Blades
 * Level 3.1 Dodging
 - Level 1.7 Stealth
 * Level 3.2 Spellcasting
 + Level 3.6 Necromancy


You had 6 spell levels left.
You knew the following spells:

 Your Spells              Type           Power        Failure   Level  Hunger
a - Pain                  Necr           ##..         4%          1    None
d - Vampiric Draining     Necr           ##........   12%         3    ###....

Your spell library contained the following spells:

 Spells                   Type           Power        Failure   Level  Hunger
 Animate Skeleton         Necr           N/A          4%          1    None
 Animate Dead             Necr           N/A          36%         4    ####...
 Agony                    Necr           ##......     73%         5    ######.


Dungeon Overview and Level Annotations

Branches:
Dungeon (3/15)

Altars:
Ashenzari


Innate Abilities, Weirdness & Mutations

You can be seen from farther away. (+LOS)
You can swim through water.
You cover ground slowly.
You can hop short distances.


Message History

Aiming: Pain (safe; 4% risk of failure)
Press: ? - help, Shift-Dir - straight line Something writhes in agony.
Casting: Pain (safe; 4% risk of failure)
Confirm with . or Enter, or press ? or * to list all spells.
Aiming: Pain (safe; 4% risk of failure)
Press: ? - help, Shift-Dir - straight line Nothing appears to happen.
Something hits you.
* * * LOW HITPOINT WARNING * * *
Something freezes you.
* * * LOW HITPOINT WARNING * * *
You closely miss something. The orc barely misses you.
You hear some strange, mumbled words.
You are confused.
The orc barely misses you.
You're too confused to move!
You hear some strange, mumbled words.
A magic dart appears from out of thin air!
The magic dart hits you!
You die...

##########
######........###
..........###.#..
####.....###.#.# ##+###
#.........#.#
#....########.......#.#
#.....@{#...'.......#.#
#.....#o#.###..........
#.....#.#)# #.......#.#
#.....#)#.# #..........
#######....##?#.#
#......##.#
#..........##.#.#
#.........#
#.#####.#####.#.#
#####+##### #.# #.#
####'## ###......
#####'### #.#
#.....####....####


You could see an orc.

Vanquished Creatures
  4 adders
  An ooze (D:3)
  A dart slug (D:3)
  A leopard gecko (D:1)
  2 orcs (D:3)
  5 bats
  5 giant cockroaches
  7 goblins
  9 hobgoblins
  10 jackals (D:1)
  10 kobolds
  4 frilled lizards
  10 rats
69 creatures vanquished.

Notes
Turn   | Place    | Note
-------+----------+-------------------------------------------
     0 | D:1      | Esekla the Barachi Necromancer began the quest for the Orb.
     0 | D:1      | Reached XP level 1. HP: 13/13 MP: 3/3
   401 | D:1      | Reached XP level 2. HP: 19/20 MP: 3/5
   613 | D:1      | Reached skill level 1 in Fighting
   697 | D:1      | Reached XP level 3. HP: 26/26 MP: 7/7
   702 | D:1      | Learned a level 3 spell: Vampiric Draining
   800 | D:1      | Reached skill level 1 in Short Blades
  1380 | D:3      | Found a shattered altar of Ashenzari.
  1432 | D:3      | Became a worshipper of Ashenzari the Shackled
  1750 | D:2      | Reached XP level 4. HP: 29/32 MP: 4/8
  1912 | D:2      | Found a faded altar of an unknown god.
  2458 | D:3      | Reached skill level 1 in Long Blades
  2920 | D:3      | Reached XP level 5. HP: 35/38 MP: 3/9
  3041 | D:3      | Killed from afar by an orc wizard

Illustrated notes

Levels and vault maps discovered:
D:1:      saegor_arrival_simple_d, layout_rooms, minmay_misc_feat_alley,
          chequers_serial_rivers_micro_d
D:2:      layout_loops_ring, chequers_ecumenical_altar_simple_redux
D:3:      layout_basic, kennysheep_pointless_box, minivault_24,
          grunt_ministairs_2, cheibrodos_ashenzari_chains

Skill      XL: |  1  2  3  4 |
---------------+-------------+-----
Fighting       | 1 2 |  2.1
Spellcasting   | 3 |  3.2
Short Blades   | 1 |  1.4
Dodging        | 3 |  3.1
Long Blades    | 1 |  1.9
Stealth        | |  1.7
Necromancy     | |  3.6

Action                   |  1- 3 |  4- 6 || total
-------------------------+-------+-------++-------
Melee: Short sword       |   122 |       ||   122
       Unarmed           |     1 |       ||     1
       Long sword        |     9 |    96 ||   105
Throw: Dart              |     1 |       ||     1
 Cast: Pain              |    11 |     2 ||    13
       Vampiric Draining |     4 |     9 ||    13
 Stab: Sleeping          |     2 |     2 ||     4
  Eat: Chunk             |     3 |     3 ||     6
       Ration            |       |     1 ||     1
Armor: Robe              |    22 |    18 ||    40
Dodge: Dodged            |   118 |    72 ||   190
       Rpst.: Long sword |     2 |    17 ||    19
